 Dungeon Crawl Stone Soup version 0.30-a0-748-ge6a52f7cba (webtiles) character file.

Game seed: 1852053606427527627

745 Newt the Trooper (level 7, -13/56 (58) HPs)
             Began as a Demonspawn Gladiator on Feb 8, 2023.
             Was an Initiate of Hepliaklqana.
             Mangled by an ogre
             ... wielding a +0 giant club
              (24 damage)
             ... on level 5 of the Dungeon.
             The game lasted 00:04:17 (3410 turns).

Newt the Trooper (Demonspawn Gladiator)             Turns: 3410, Time: 00:04:18

HP:   -13/56 (58)   AC: 11    Str: 16    XL:     7   Next: 47%
MP:   7/7           EV: 13    Int:  9    God:    Hepliaklqana [......]
Gold: 159           SH:  0    Dex: 15    Spells: 6/6 levels left

rFire   . . .      SeeInvis .    h - +2 dagger (elec)
rCold   + . .      Faith    .    (no shield)
rNeg    . . .      Spirit   .    b - +0 leather armour
rPois   .          Reflect  .    (helmet restricted)
rElec   .          Harm     .    (no cloak)
rCorr   .          Rampage  .    x - +1 pair of gloves
Will    .....                    (no boots)
Stlth   +                        d - amulet of regeneration
HPRegen 1.09/turn                i - ring of protection from cold
MPRegen 0.10/turn                (no ring)

@: sanguine armoured, lightly drained, very slow
A: horns 2, demonic guardian 1, sanguine armour 1
a: Renounce Religion


You were on level 5 of the Dungeon.
You worshipped Hepliaklqana.
Hepliaklqana was noncommittal.
You visited 2 branches of the dungeon, and saw 6 of its levels.

You collected 159 gold pieces.

Inventory:

Hand Weapons
 a - a +0 rapier
 h - a +2 dagger of electrocution (weapon)
Missiles
 e - 7 javelins (quivered)
Armour
 b - a +0 leather armour (worn)
 c - a +0 helmet
 x - a +1 pair of gloves (worn)
Jewellery
 d - an amulet of regeneration (around neck)
 g - a ring of ice
 i - a ring of protection from cold (left hand)
Wands
 q - a wand of polymorph (11)
 v - a wand of iceblast (5)
Scrolls
 n - 3 scrolls of fear
 p - 3 scrolls of amnesia
 s - 3 scrolls of teleportation
 y - a scroll of fog
 A - a scroll of magic mapping
Potions
 f - 3 potions of degeneration
 j - a potion of flight
 k - a potion of curing
 l - 2 potions of attraction
 m - a potion of magic
 o - a potion of heal wounds {unknown}
 r - 2 potions of ambrosia
 t - 2 potions of invisibility {unknown}
 z - 2 potions of brilliance


   Skills:
 - Level 6.0 Fighting
 - Level 4.0 Short Blades
 - Level 1.7 Throwing
 + Level 2.9 Armour
 - Level 4.0 Dodging
 - Level 1.5 Stealth


You had 6 spell levels left.
You didn't know any spells.
Your spell library contained the following spells:

 Spells                   Type           Power      Damage    Failure   Level
 Apportation              Tloc           0%         N/A       43%         1
 Necrotise                Necr           0%         1d4       43%         1
 Sting                    Tmut/Pois      0%         1d3       43%         1
 Summon Small Mammal      Summ           0%         N/A       43%         1
 Ensorcelled Hibernation  Hex/Ice        0%         N/A       58%         2
 Poisonous Vapours        Pois/Air       0%         N/A       58%         2
 Spider Form              Tmut/Pois      0%         N/A       82%         3
 Anguish                  Hex/Necr       0%         N/A       99%         4
 Olgreb's Toxic Radiance  Pois           0%         N/A       99%         4


Dungeon Overview and Level Annotations

Branches:
Dungeon (5/15)             Temple (1/1) D:5

Altars:
Ashenzari
Cheibriados
Dithmenos
Fedhas
Hepliaklqana
Kikubaaqudgha
Okawaru
Qazlal
Ru
Sif Muna
Uskayaw
Vehumet
Xom
Yredelemnul


Innate Abilities, Weirdness & Mutations

You have a pair of horns on your head.
A weak demonic guardian rushes to your aid.
When seriously injured, your blood forms armour. (AC +6)


Message History

You hear a splash. x2
No target in view!
No target in view!
No target in view!
Things that are here:
a +0 war axe; a +0 leather armour
t - 2 fizzy inky potions (gained 1)
You now have 159 gold pieces (gained 12).
You enter the shallow water.
Moving in this stuff is going to be slow.
An ogre comes into view. It is wielding a +0 giant club.
The ogre shouts!
An ogre is nearby!
The ogre barely misses you.
Your unstable footing causes you to fumble your attack.
Your unstable footing causes you to fumble your attack.
The ogre hits you with a +0 giant club!!
Ouch! That really hurt!
Your blood congeals into armour.
You are too injured to fight recklessly!
You are too injured to fight recklessly!
You are too injured to fight recklessly!
You are too injured to fight recklessly!
You are too injured to fight recklessly!
You are too injured to fight recklessly!
You are too injured to fight recklessly!
Okay, then.
You hit the ogre.
The ogre is lightly wounded.
Your unstable footing causes you to fumble your attack.
The ogre hits you with a +0 giant club.
You closely miss the ogre. You headbutt the ogre.
The ogre is moderately wounded.
Your unstable footing causes you to fumble your attack.
The ogre hits you with a +0 giant club!
* * * LOW HITPOINT WARNING * * *
A demonic guardian appears!
The ogre attacks as you move away!
The ogre hits you with a +0 giant club!!
You die...

P~ ~P~~~~P♣P~~~♣♣♣~~.#
~♣~~P≈≈≈≈~~~~~~~~~♣####
~~~~≈≈≈≈≈≈≈≈~~♣~P~~~..#
~~P≈≈≈≈≈≈≈≈≈≈~~P~~P♣~.#
P~≈≈≈≈≈≈≈≈≈≈≈~P~P~~~~♣
P≈≈≈≈≈≈≈≈≈≈≈≈≈P~~~♣~♣
~~≈≈≈≈≈≈≈≈≈≈≈≈~~O~~~♣
~~~≈≈≈≈≈≈≈≈≈≈♣PP@~~♣♣
~~♣≈≈≈~≈~≈~~P~~~~~5~#
~~~~≈~~≈~~~~~♣~♣~♣###
~♣~~~~~~~♣~~~P♣~P#
♣~~~♣P~♣~♣ ♣~~~..#
..P♣♣~~♣♣ #.#..##
#.......# ##...##
##.####.# #..### #.#
#.# #.##


You could see an ogre (ally target) and a friendly white imp (summoned).

Vanquished Creatures
  An ogre (D:4)
  A bullfrog (D:5)
  A necrophage (D:4)
  A scorpion (D:5)
  4 wights (D:5)
  2 hounds
  An iron imp (D:3)
  An iguana (D:4)
  Ijyb (D:4)
  2 adders
  4 worms
  3 dart slugs
  3 orcs
  7 bats
  6 endoplasms
  2 giant cockroaches
  7 goblins
  6 hobgoblins
  3 kobolds
  5 quokkas
  7 ball pythons
  A frilled lizard (D:3)
  5 rats
74 creatures vanquished.

Vanquished Creatures (collateral kills)
  A hound (D:4)
1 creature vanquished.

Vanquished Creatures (others)
  2 fungi (D:4)
  2 plants (D:4)
4 creatures vanquished.

Grand Total: 79 creatures vanquished

Notes
Turn   | Place    | Note
-------+----------+-------------------------------------------
     0 | D:1      | Newt the Demonspawn Gladiator began the quest for the Orb.
     0 | D:1      | Reached XP level 1. HP: 16/16 MP: 1/1
    68 | D:1      | Reached skill level 1 in Stealth
   327 | D:1      | Gained mutation: You have a pair of small horns on your
                  | head. [demonic ancestry]
   327 | D:1      | Reached XP level 2. HP: 22/22 MP: 2/2
   931 | D:2      | Reached skill level 3 in Fighting
  1052 | D:2      | Gained mutation: You have a pair of horns on your head.
                  | [demonic ancestry]
  1052 | D:2      | Reached XP level 3. HP: 29/29 MP: 3/3
  1490 | D:3      | Found a hide-covered altar of Uskayaw.
  1667 | D:3      | Found an ancient bone altar of Kikubaaqudgha.
  1670 | D:3      | Gained mutation: A weak demonic guardian rushes to your
                  | aid. [demonic ancestry]
  1670 | D:3      | Reached XP level 4. HP: 37/37 MP: 4/4
  1730 | D:3      | Reached skill level 4 in Fighting
  1962 | D:3      | Found a faded altar of an unknown god.
  2099 | D:3      | Found a snail-covered altar of Cheibriados.
  2170 | D:3      | Found a broken altar of Ashenzari.
  2230 | D:4      | Noticed an ogre
  2238 | D:4      | Killed an ogre
  2239 | D:4      | Reached XP level 5. HP: 42/42 MP: 5/5
  2343 | D:4      | Noticed Ijyb
  2364 | D:4      | Killed Ijyb
  2371 | D:4      | Reached XP level 6. HP: 8/48 MP: 6/6
  2534 | D:4      | Found a blossoming altar of Fedhas.
  2585 | D:4      | Found a stormy altar of Qazlal.
  2976 | D:5      | Entered Level 5 of the Dungeon
  3014 | D:5      | Reached skill level 5 in Fighting
  3034 | D:5      | Reached skill level 6 in Fighting
  3034 | D:5      | Gained mutation: When seriously injured, your blood forms
                  | armour. (AC +6) [demonic ancestry]
  3034 | D:5      | Reached XP level 7. HP: 58/58 MP: 7/7
  3043 | D:5      | Reached skill level 1 in Armour
  3184 | D:5      | Found a staircase to the Ecumenical Temple.
  3205 | Temple   | Entered the Ecumenical Temple
  3286 | Temple   | Became a worshipper of Hepliaklqana the Forgotten
  3410 | D:5      | Mangled by an ogre

Illustrated notes

Levels and vault maps discovered:
D:1:      minmay_arrival_diagonal_passages, layout_basic, interstate_on_off,
          minmay_misc_feat_rugged, minmay_tiny_reverse_x
D:2:      layout_basic
D:3:      layout_basic, nicolae_uskayaw_suspiria,
          nicolae_kikubaaqudgha_miasma_corner, chei_slow_surprise,
          nicolae_overflow_ecumenical_swirl
D:4:      layout_rooms, dreamdust_divine_triumvirate, fedhas_altar_3,
          overflow_temple_1_default, uniq_ijyb
D:5:      layout_loops_ring, grunt_temple_overflow_opulence,
          minmay_temple_entry_stoned_glass, serial_bayou_lake_a
Temple:   nicolae_temple_colour_theory

Skill      XL: |  1  2  3  4  5  6  7 |
---------------+----------------------+-----
Stealth        | 1 |  1.5
Fighting       | 3 4 6 |  6.0
Short Blades   | 4 |  4.0
Dodging        | 3 4 |  4.0
Armour         | 2 |  2.9
Throwing       | |  1.7

Action                     |  1- 3 |  4- 6 |  7- 9 || total
---------------------------+-------+-------+-------++-------
  Melee: Dagger            |    97 |    86 |    39 ||   222
         Rapier            |     6 |       |       ||     6
         Headbutt          |    11 |    21 |    10 ||    42
         Punch             |       |     1 |       ||     1
  Throw: Javelin           |       |     3 |     7 ||    10
         Throwing net      |       |     4 |     1 ||     5
    Use: Scroll            |     7 |     5 |       ||    12
         Potion            |     2 |     1 |       ||     3
   Stab: Sleeping          |     4 |     1 |     1 ||     6
         Held in net/web   |       |     1 |       ||     1
 Armour: Leather armour    |    27 |    13 |     8 ||    48
  Dodge: Dodged            |    54 |    40 |    23 ||   117

Table legend: (Time is in decaauts)
 A = Elapsed time spent in this place.
 B = Non-inter-level travel time spent in this place.
 C = Inter-level travel time spent in this place.
 D = Time resting spent in this place.
 E = Time spent auto-exploring this place.
 F = Levels seen in this place.
 G = Mean time per level.
                   A        B        C        D        E       F      G
               +--------+--------+--------+--------+--------+-----+--------+
         Total |   3386 |   3181 |    205 |    146 |   2468 |   6 |  564.3 |
       Dungeon |   3297 |   3113 |    184 |    146 |   2404 |   5 |  659.4 |
        Temple |     89 |     69 |     20 |      0 |     64 |   1 |   89.0 |
               +--------+--------+--------+--------+--------+-----+--------+

Top non-repeatable levels by time:
     D:1: 868 daAuts
     D:3: 770 daAuts
     D:4: 751 daAuts
     D:2: 558 daAuts
     D:5: 348 daAuts
  Temple: 89 daAuts
